 Dungeon Sprint DCSS version 0.31-a0-75-g6fe912e8c5 (webtiles) character file.

Game seed: 15722171051037853580

2 fozzywoppz the Sneak (level 1, 0/13 HPs)
             Began as a Spriggan Enchanter on May 24, 2023.
             Slain by Jessica
             ... wielding a +0 dagger
              (5 damage)
             ... in the Dungeon (Sprint III: "The Ten Rune Challenge").
             The game lasted 00:00:35 (17 turns).

fozzywoppz the Sneak (Spriggan Enchanter)             Turns: 17, Time: 00:00:36

Health: 0/13       AC:  2    Str:  4    XL:     1   Next: 25%
Magic:  5/5        EV: 17    Int: 16    God:
Gold:   0          SH:  0    Dex: 15    Spells: 6/6 levels left

rFire   . . .        a - +1 dagger
rCold   . . .        (no shield)
rNeg    . . .        b - +0 robe
rPois   .            (helmet restricted)
rElec   .            (no cloak)
rCorr   .            (gloves unavailable)
SInv    +            (boots unavailable)
Will    .....        (no amulet) Stlth
                     (no ring)
HPRegen 0.22/turn    (no ring)
MPRegen 0.09/turn

%: no teleportation
@: berserking, very quick
A: very small, no large weapons, unfitting armour, see invisible, speed 3
a: no special abilities


You were in the Dungeon.
You visited 1 branch

Inventory:

Hand Weapons
 a - a +1 dagger (weapon)
Armour
 b - a +0 robe (worn)
Scrolls
 i - a scroll of blinking
Potions
 c - 3 potions of invisibility
 d - a potion of curing
 e - a potion of heal wounds
 f - a potion of haste
 g - 2 potions of magic


   Skills:
 - Level 1.1 Short Blades
 + Level 3.1 Dodging
 + Level 4.8 Stealth
 + Level 3.0 Spellcasting
 + Level 3.9 Hexes


You had 6 spell levels left.
You didn't know any spells.
Your spell library contained the following spells:

 Spells                   Type           Power      Damage    Failure   Level
 Confusing Touch          Hex            15%        N/A       11%         3
 Tukima's Dance           Hex            15%        N/A       11%         3
 Ensorcelled Hibernation  Hex/Ice        14%        N/A       14%         2
 Dazzling Flash           Conj/Hex       14%        N/A       28%         3


Dungeon Overview and Level Annotations

Branches:
Dungeon (1/1)

Altars:

Annotations:
D Jessica


Innate Abilities, Weirdness & Mutations

You are very small and have problems with some larger weapons.
You are too small for most types of armour.
You have supernaturally acute eyesight. (SInv)
You cover ground extremely quickly. (Speed+++)


Message History

Press ? for a list of commands and other information.
Found a staircase leading out of the dungeon.
You open the door.
A rat comes into view.
Found a potion of invisibility.
You hit the rat.
You kill the rat!
An endoplasm comes into view.
There is an open door, spattered with blood here.
The helpless endoplasm fails to defend itself.
You impale the endoplasm!!
You kill the endoplasm!
Your Dodging skill increases to level 3!
Your Spellcasting skill increases to level 3!
Unknown command.
c - 3 potions of invisibility (gained 1)
You open the door.
Jessica the Apprentice Sorceress comes into view.
She is wielding a +0 dagger.
Found a chain mail.
Jessica shouts!
There is an open door here.
You hit Jessica.
Jessica is lightly wounded.
Jessica closely misses you.
You hit Jessica.
Jessica is moderately wounded.
Jessica completely misses you.
You closely miss Jessica.
Jessica is moderately wounded.
Jessica hits you with a +0 dagger.
Ouch! That really hurt!
You closely miss Jessica.
Jessica is moderately wounded.
Jessica completely misses you.
You don't know any spells.
Unknown command.
A red film seems to cover your vision as you go berserk!
You feel yourself moving faster!
You feel mighty! Jessica hits you with a +0 dagger.
You die...

▓▓▓▓
▓<.#
▓..#
▓#'####
▓.....#
▓.....#
▓.....#
▓####'#
▓[.@@.#
▓.....#
▓.....#
▓+#####


You could see Jessica.

Vanquished Creatures
  An endoplasm (D)
  A rat (D)
2 creatures vanquished.

Notes
Turn   | Place    | Note
-------+----------+-------------------------------------------
     0 | D        | fozzywoppz the Spriggan Enchanter began the quest for the
                  | Orb.
     0 | D        | Reached XP level 1. HP: 9/9 MP: 5/5
    11 | D        | Noticed Jessica
    17 | D        | Slain by Jessica

Illustrated notes

Levels and vault maps discovered:
D:        dungeon_sprint_mu [sprint_mu_entry_forest, sprint_mu_temple_rooms,
          sprint_mu_d1_spiders, sprint_mu_d2_genie, sprint_mu_d3_branching,
          sprint_mu_orc_legion, sprint_mu_elf_gauntlet, sprint_mu_hive_nellie,
          sprint_mu_lair_fedhas, sprint_mu_vaults_butterflies,
          sprint_mu_slime_circle, sprint_mu_shoals_kraken,
          sprint_mu_snake_twists, sprint_mu_blade_basic,
          sprint_mu_crypt_chambers, sprint_mu_tomb_spiral,
          sprint_mu_vestibule_basic, sprint_mu_gehenna_hellfire,
          sprint_mu_dis_giant, sprint_mu_tartarus_statrot,
          sprint_mu_cocytus_islands, sprint_mu_zot1]

Skill      XL: |  1 |
---------------+----+-----
Dodging        | 3 |  3.1
Spellcasting   | 3 |  3.0
Short Blades   | |  1.1
Stealth        | |  4.8
Hexes          | |  3.9

Action                     || total
---------------------------++-------
  Melee: Dagger            ||     6
    Use: Potion            ||     1
   Stab: Sleeping          ||     1
  Dodge: Dodged            ||     3

Table legend: (Time is in decaauts)
 A = Elapsed time spent in this place.
 B = Non-inter-level travel time spent in this place.
 C = Inter-level travel time spent in this place.
 D = Time resting spent in this place.
 E = Time spent auto-exploring this place.
 F = Levels seen in this place.
 G = Mean time per level.
                   A        B        C        D        E       F      G
               +--------+--------+--------+--------+--------+-----+--------+
         Total |     13 |     13 |      0 |      0 |      0 |   1 |   13.0 |
       Dungeon |     13 |     13 |      0 |      0 |      0 |   1 |   13.0 |
               +--------+--------+--------+--------+--------+-----+--------+

Top non-repeatable levels by time:
       D: 13 daAuts
